 Dungeon Crawl Stone Soup version 0.31.0-9-g3a7656b989 (webtiles) character file.

Game seed: 9119689213258445032

105 GreatBamboolord the Covered (level 4, -3/28 (41) HPs)
             Began as a Minotaur Fighter on Jan 25, 2024.
             Slain by a sleepcap (18 damage)
             ... on level 3 of the Dungeon.
             The game lasted 00:02:59 (2011 turns).

GreatBamboolord the Covered (Minotaur Fighter)      Turns: 2011, Time: 00:03:00

HP:   -3/28 (41)    AC:  4    Str: 22    XL:     4   Next: 53%
MP:   3/3           EV:  2    Int:  5    God:
Gold: 147           SH:  0    Dex: 10    Spells: 3/3 levels left

rFire   . . .        a - +0 trident
rCold   . . .        c - +0 buckler
rNeg    . . .        b - +0 scale mail
rPois   .            (helmet restricted)
rElec   .            (no cloak)
rCorr   .            (no gloves)
SInv    .            (no boots)
Will    .....        (no amulet) Stlth
                     (no ring)
HPRegen 0.24/turn    (no ring)
MPRegen 0.08/turn

%: no passive effects
@: sleeping, very heavily drained
A: horns 2, retaliatory headbutt, deformed body, wild magic 1
a: no special abilities


You were on level 3 of the Dungeon.
You visited 1 branch of the dungeon, and saw 3 of its levels.

You collected 147 gold pieces.

Inventory:

Hand Weapons
 a - a +0 trident (weapon)
Armour
 b - a +0 scale mail (worn)
 c - a +0 buckler (worn)
Jewellery
 f - a ring of willpower
 h - an amulet of the acrobat
Scrolls
 j - a scroll of immolation {unknown}
 k - a scroll of torment {unknown}
 l - a scroll of silence {unknown}
 m - a scroll of identify {unknown}
Potions
 d - a potion of might
 e - a potion of haste
 g - a potion of lignification
 i - a potion of curing {unknown}


   Skills:
 + Level 4.5 Fighting
 + Level 3.5 Polearms
 + Level 4.5 Armour
 + Level 4.5 Shields


You had 3 spell levels left.
You didn't know any spells.
Your spell library contained the following spells:

 Spells                   Type           Power      Damage    Failure   Level
 Kiss of Death            Conj/Necr      0%         2d5       90%         1
 Necrotise                Necr           0%         1d4       90%         1
 Cigotuvi's Dreadful Rot  Necr/Alch/Air  0%         N/A       96%         2
 Sublimation of Blood     Necr           0%         N/A       96%         2
 Confusing Touch          Hex            0%         N/A       99%         3
 Fugue of the Fallen      Necr           0%         N/A       99%         3
 Dispel Undead            Necr           0%         3d6       100%        4
 Passage of Golubria      Tloc           0%         N/A       100%        4
 Silence                  Hex/Air        0%         N/A       100%        5
 Lehudib's Crystal Spear  Conj/Erth      0%         10d2      100%        8


Dungeon Overview and Level Annotations

Branches:
Dungeon (3/15)

Altars:
Kikubaaqudgha
Xom


Innate Abilities, Weirdness & Mutations

You have a pair of horns on your head.
You reflexively headbutt those who attack you in melee.
Armour fits poorly on your strangely shaped body.
Your spells are a little harder to cast, but a little more powerful.


Message History

A sleepcap comes into view.
A sleepcap is nearby!
A sleepcap is nearby!
A bat comes into view.
The sleepcap enters a dispersal trap!
The bat blinks!
You blink.
The sleepcap blinks!
You hit the bat.
You kill the bat!
You see here a bat corpse.
You hit the sleepcap.
The sleepcap is lightly damaged.
You block the sleepcap's attack.
You hit the sleepcap but do no damage.
You headbutt the sleepcap, but do no damage.
The sleepcap is lightly damaged.
The sleepcap releases spores at you but does no damage.
You hit the sleepcap but do no damage.
The sleepcap is lightly damaged.
The sleepcap barely misses you.
You hit the sleepcap but do no damage.
The sleepcap is lightly damaged.
The sleepcap releases spores at you.
You hit the sleepcap.
The sleepcap is lightly damaged.
The sleepcap closely misses you.
You hit the sleepcap. You headbutt the sleepcap!
The sleepcap is severely damaged.
The sleepcap releases spores at you. x2
You hit the sleepcap but do no damage.
The sleepcap is severely damaged.
You block the sleepcap's attack.
You hit the sleepcap but do no damage.
The sleepcap is severely damaged.
The sleepcap releases spores at you.
You are engulfed in a cloud of soporific spores!
You fall asleep.
The sleepcap releases spores at you!!
Ouch! That really hurt!
You die...
Xom snickers!

#. ## # #. .# .
#.##.#.#
#..#.#.###
####..^.....##
+.........ยง...
#...# #
#.f###.#.#
#.@......#
#<.....###
##.##### #.#
#.# #.# #.# #.#
#.#


You could see a sleepcap.

Vanquished Creatures
  4 adders (D:2)
  4 dart slugs
  3 ribbon worms (D:2)
  A bat zombie (D:2)
  2 endoplasms
  3 giant cockroaches
  6 goblins
  2 hobgoblins (D:2)
  2 jackals (D:2)
  3 quokkas (D:2)
  11 ball pythons
  A ball python zombie (D:2)
  4 bats
  2 frilled lizards
  5 kobolds
  3 rats (D:2)
56 creatures vanquished.

Notes
Turn   | Place    | Note
-------+----------+-------------------------------------------
     0 | D:1      | GreatBamboolord the Minotaur Fighter began the quest for
                  | the Orb.
     0 | D:1      | Reached XP level 1. HP: 19/19 MP: 0/0
   582 | D:1      | Reached XP level 2. HP: 27/27 MP: 1/1
   927 | D:2      | Found a shimmering altar of Xom.
   942 | D:2      | Reached XP level 3. HP: 33/33 MP: 2/2
   953 | D:2      | Found a faded altar of an unknown god.
   977 | D:2      | Prayed at the altar of an unknown god.
   977 | D:2      | Became a worshipper of Kikubaaqudgha
   977 | D:2      | Reached * piety under Kikubaaqudgha
   977 | D:2      | Received a gift from Kikubaaqudgha
   978 | D:2      | Fell from the grace of Kikubaaqudgha
  1378 | D:2      | Reached XP level 4. HP: 15/26 MP: 3/3
  1576 | D:2      | Became a worshipper of Xom of Chaos
  1577 | D:2      | Fell from the grace of Xom
  1706 | D:2      | XOM: give mutations
  1706 | D:2      | Gained mutation: Armour fits poorly on your strangely
                  | shaped body. [Xom's mischief]
  1706 | D:2      | Gained mutation: Your spells are a little harder to cast,
                  | but a little more powerful. [Xom's mischief]
  1941 | D:2      | XOM: torment (15/28 hp)
  2011 | D:3      | Slain by a sleepcap

Illustrated notes

Levels and vault maps discovered:
D:1:      dpeg_arrival_arbitrary_c, layout_basic
D:2:      minmay_razor_zed, layout_rooms, basic_altar,
          hellmonk_ecumenical_altar_arch_garden, minivault_23,
          solitary_fountain, grunt_ministairs_5, kennysheep_generic_room_13
D:3:      layout_loops_corners, zin_statuary, dreamdust_princess_corridor,
          uniq_crazy_yiuf_cottage

Skill      XL: |  1  2 |
---------------+-------+-----
Fighting       | 4 |  4.5
Polearms       | 3 |  3.5
Armour         | 4 |  4.5
Shields        | 4 |  4.5

Action                     |  1- 3 |  4- 6 || total
---------------------------+-------+-------++-------
  Melee: Trident           |    96 |    70 ||   166
         Headbutt          |    10 |     4 ||    14
 Invoke: Renounce Religion |     1 |     1 ||     2
    Use: Potion            |       |     2 ||     2
 Armour: Scale mail        |    50 |    22 ||    72
         Skin              |       |    27 ||    27
  Dodge: Dodged            |    41 |    13 ||    54
  Block: Buckler           |    18 |    13 ||    31
